 Dungeon Crawl Stone Soup version 0.31.0-11-ge490571c62 (webtiles) character file.

Game seed: 8501663740246799716

2 popoopuu the Shield-Bearer (level 1, -3/18 HPs)
             Began as a Human Fighter on Feb 7, 2024.
             Frozen to death by an endoplasm (5 damage)
             ... on level 1 of the Dungeon.
             The game lasted 00:00:37 (48 turns).

popoopuu the Shield-Bearer (Human Fighter)            Turns: 48, Time: 00:00:37

Health: -3/18      AC:  6    Str: 16    XL:     1   Next: 40%
Magic:  1/1        EV:  8    Int:  8    God:
Gold:   0          SH:  4    Dex: 12    Spells: 0/0 levels left

rFire   . . .        a - +0 flail
rCold   . . .        c - +0 buckler
rNeg    . . .        b - +0 scale mail
rPois   .            (no helmet)
rElec   .            (no cloak)
rCorr   .            (no gloves)
SInv    .            (no boots)
Will    .....        (no amulet) Stlth
                     (no ring)
HPRegen 0.23/turn    (no ring)
MPRegen 0.07/turn

%: no passive effects
@: no status effects
A: explore regen
a: no special abilities


You were on level 1 of the Dungeon.
You visited 1 branch of the dungeon, and saw 1 of its levels.

Inventory:

Hand Weapons
 a - a +0 flail (weapon)
Armour
 b - a +0 scale mail (worn)
 c - a +0 buckler (worn)
Potions
 d - a potion of might


   Skills:
 + Level 3.0 Fighting
 + Level 2.0 Maces & Flails
 + Level 3.0 Armour
 + Level 3.0 Shields


You couldn't memorise any spells.
You didn't know any spells.
Your spell library was empty.

Dungeon Overview and Level Annotations

Branches:
Dungeon (1/15)

Altars:


Innate Abilities, Weirdness & Mutations

You regain HP and MP as you explore.


Message History

The bat barely misses you. The jackal closely misses you. The jackal bites you.
The jackal bites you but does no damage.
Unknown command.
Unknown command.
You barely miss the jackal. The bat barely misses you.
The jackal bites you but does no damage.
The jackal bites you.
Unknown command.
You closely miss the jackal. The bat completely misses you.
You block the jackal's attack. The jackal closely misses you.
A quokka comes into view.
A ball python comes into view.
The endoplasm freezes you.
You are frozen.
The jackal bites you but does no damage. x2
The endoplasm closely misses you.
You barely miss the jackal. You block the bat's attack. The jackal bites you.
The jackal bites you but does no damage.
You block the jackal's attack.
The jackal bites you but does no damage.
The endoplasm hits you.
You barely miss the jackal. The bat hits you but does no damage.
The jackal barely misses you.
The jackal bites you but does no damage.
The endoplasm freezes you.
You are frozen.
* * * LOW HITPOINT WARNING * * *
The jackal closely misses you.
The jackal bites you but does no damage.
You sock the jackal!
You kill the jackal!
The bat barely misses you.
The jackal bites you but does no damage.
The endoplasm hits you.
* * * LOW HITPOINT WARNING * * *
The jackal bites you but does no damage.
The bat hits you.
* * * LOW HITPOINT WARNING * * *
The endoplasm freezes you.
You are frozen.
You die...

#### #.... #....
..... ###########
...##.........#
##.b.........#
#..@........#
##hrJ.......##
.##rS.........##
......≈≈≈.≈≈≈...##.
...#..≈≈♣)...≈≈.....
.h...≈≈..8....≈≈....
#...≈≈.♣.......≈≈.#
....≈...........≈.#
#...≈.......(8..≈.#


You could see an endoplasm, a quokka, a jackal, a bat, a ball python and a rat.

Vanquished Creatures
  3 jackals (D:1)
3 creatures vanquished.

Notes
Turn   | Place    | Note
-------+----------+-------------------------------------------
     0 | D:1      | popoopuu the Human Fighter began the quest for the Orb.
     0 | D:1      | Reached XP level 1. HP: 18/18 MP: 1/1
    48 | D:1      | Frozen to death by an endoplasm

Illustrated notes

Levels and vault maps discovered:
D:1:      moated_graveyard_arrival, layout_basic, serial_aquarium,
          aquarium_bridge_long_joined [aquarium_subvault_window,
          aquarium_subvault_window, aquarium_subvault_bridge,
          aquarium_subvault_bridge, aquarium_subvault_wall,
          aquarium_subvault_wall], aquarium_window_corner, aquarium_window_fake,
          aquarium_window_1, aquarium_window_1, aquarium_view_2g,
          aquarium_view_2b, minmay_pentomino_w2

Action                     || total
---------------------------++-------
  Melee: Flail             ||     9
 Armour: Scale mail        ||    23
  Dodge: Dodged            ||    13
  Block: Buckler           ||     5
